[Event "Titled Tuesday Blitz January 03 Late 2023"]
[White "Jaracz, Pawel"]
[Black "Ward, Ieuan C"]
[WhiteFideId "1102222"]
[BlackFideId "406627"]
[WhiteElo "2467"]
[BlackElo "2028"]
[Result "1-0"]
[Round "02"]
[TimeControl "180+2"]
[Date "2023.01.03"]
[WhiteClock "0:00:41"]
[BlackClock "0:00:11"]

1. e4 c5 2. Nf3 d6 3. d4 cxd4 4. Nxd4 Nf6 5. Nc3 a6 6. Be2 e5 7. Nb3 Be7 8. g4 Be6 9. g5 Nfd7 10. h4 Nc6 11. Bg4 Nc5 12. Be3 Bxg4 13. Qxg4 Qd7 14. Qxd7+ Nxd7 15. Nd5 O-O 16. O-O-O Bd8 17. c3 f5 18. f3 Ne7 19. a4 Nxd5 20. Rxd5 Be7 21. Nd2 Rac8 22. Kd1 Nc5 23. Bxc5 Rxc5 24. Rxc5 dxc5 25. Ke2 fxe4 26. Nxe4 Kf7 27. a5 Ke6 28. h5 Rf5 29. Rg1 g6 30. hxg6 hxg6 31. Rh1 Bxg5 32. Rg1 Be7 33. Rxg6+ Kd7 34. Rg7 Kd8 35. Rg8+ Kc7 36. Rg6 Rh5 37. Kd3 Rh2 38. Nd2 Rh3 39. Re6 Bd6 40. Ne4 Bf8 41. Rf6 Be7 42. Rf5 Bd6 43. Kc4 Rh2 44. Rf7+ Kb8 45. Nxd6 Rxb2 46. Kxc5 Rb3 47. c4 Rxf3 48. Rxf3 1-0


[Site "https://www.chess.com"]

[Event "Titled Tuesday Blitz January 03 Late 2023"]
[White "Schmidt, Harald"]
[Black "Wieczorek, Oskar"]
[WhiteFideId "4648358"]
[BlackFideId "1133950"]
[WhiteElo "2347"]
[BlackElo "2512"]
[Result "0-1"]
[Round "02"]
[TimeControl "180+2"]
[Date "2023.01.03"]
[WhiteClock "0:00:42"]
[BlackClock "0:00:21"]

1. e4 c5 2. Nf3 e6 3. c3 d5 4. exd5 exd5 5. d4 Nf6 6. Be2 Bd6 7. O-O O-O 8. Re1 Nc6 9. Bg5 h6 10. Bh4 Be6 11. Bg3 Bxg3 12. hxg3 Qb6 13. Qb3 Ne4 14. Qxb6 axb6 15. Bd3 Bf5 16. Bxe4 dxe4 17. d5 exf3 18. dxc6 bxc6 19. gxf3 Rfd8 20. Na3 b5 21. Rad1 Rxd1 22. Rxd1 b4 23. Nc4 Be6 24. Ne5 Rxa2 25. Nxc6 Rxb2 26. cxb4 cxb4 27. Rd8+ Kh7 28. Rb8 b3 29. Kg2 Rd2 30. Ne5 f6 31. Nc6 b2 32. g4 Ba2 0-1


[Site "https://www.chess.com"]

[Event "Titled Tuesday Blitz January 03 Late 2023"]
[White "Garcia Ramos, Daniel"]
[Black "Onslow, Alfie"]
[WhiteFideId "32010311"]
[BlackFideId "436976"]
[WhiteElo "2442"]
[BlackElo "2157"]
[Result "1-0"]
[Round "02"]
[TimeControl "180+2"]
[Date "2023.01.03"]
[WhiteClock "0:00:39"]
[BlackClock "0:00:06"]

1. e4 c5 2. Nf3 Nc6 3. d4 cxd4 4. Nxd4 e5 5. Nb5 d6 6. c4 Be7 7. N5c3 Nf6 8. Be2 O-O 9. Be3 Be6 10. O-O Nd7 11. Na3 Rc8 12. Rc1 a6 13. Nc2 f5 14. exf5 Bxf5 15. Bf3 Nf6 16. b3 Qe8 17. Nd5 Nxd5 18. Bxd5+ Kh8 19. Qd2 Qg6 20. f3 b5 21. cxb5 axb5 22. Na3 Nd4 23. Bxd4 exd4 24. Qxd4 Bf6 25. Qd2 b4 26. Rxc8 Rxc8 27. Nc4 Bc3 28. Qf2 Qf6 29. Rd1 h6 30. Kh1 Re8 31. h3 Re7 32. f4 Qg6 33. Bf3 Bc2 34. Rxd6 Qf5 35. Rd8+ Kh7 36. Ne3 Qd3 37. Rxd3 1-0


[Site "https://www.chess.com"]

[Event "Titled Tuesday Blitz January 03 Late 2023"]
[White "Itkis, Boris"]
[Black "Morefield, Jason"]
[WhiteFideId "1209167"]
[BlackFideId "30920825"]
[WhiteElo "2329"]
[BlackElo "2167"]
[Result "0-1"]
[Round "02"]
[TimeControl "180+2"]
[Date "2023.01.03"]
[WhiteClock "0:00:12"]
[BlackClock "0:00:10"]

1. e4 d6 2. d4 Nf6 3. Nc3 g6 4. Bg5 c6 5. Qd2 Nbd7 6. f4 b5 7. e5 b4 8. exf6 bxc3 9. Qxc3 exf6 10. Bh4 Bb7 11. O-O-O Be7 12. Re1 O-O 13. Nf3 Nb6 14. Bc4 d5 15. Bb3 a5 16. a3 Bd6 17. f5 Nd7 18. Bg3 Bxg3 19. hxg3 g5 20. g4 Kg7 21. Nd2 Rh8 22. Ba4 Nb6 23. Bb3 Qd6 24. Qh3 h6 25. Re3 c5 26. dxc5 Qxc5 27. Rc3 Qd6 28. Nf3 a4 29. Ba2 Rac8 30. Rxc8 Bxc8 31. Kb1 Qf4 32. Rd1 h5 33. gxh5 Bxf5 34. Qh1 Rc8 35. Nd4 Be4 36. h6+ Kh7 37. Qf1 Kxh6 38. Qxf4 gxf4 39. Kc1 Bxg2 40. Nf5+ Kg5 41. Ne7 Re8 42. Nxd5 Nxd5 43. Bxd5 Bxd5 44. Rxd5+ Re5 45. Rd4 f3 46. Kd2 f2 0-1


[Site "https://www.chess.com"]

[Event "Titled Tuesday Blitz January 03 Late 2023"]
[White "Rendle, Thomas E"]
[Black "Fernandez Hernandez, Gerardo"]
[WhiteFideId "408760"]
[BlackFideId "2207400"]
[WhiteElo "2375"]
[BlackElo "2181"]
[Result "1-0"]
[Round "02"]
[TimeControl "180+2"]
[Date "2023.01.03"]
[WhiteClock "0:01:47"]
[BlackClock "0:01:20"]

1. e4 e6 2. d4 d5 3. Nd2 Nc6 4. Ngf3 Nf6 5. e5 Nd7 6. Bd3 f6 7. Ng5 Ndxe5 8. dxe5 fxg5 9. Qh5+ g6 10. Bxg6+ Kd7 11. c4 Nxe5 12. Bc2 Qf6 13. O-O Bd6 14. b4 c6 15. Rb1 dxc4 16. Ne4 Qe7 17. Bxg5 Qf7 18. Qd1 Nd3 19. Bxd3 cxd3 20. Qxd3 Qf8 21. Rfd1 Rg8 22. Qxd6+ Qxd6 23. Rxd6+ Kc7 24. Bf4 e5 25. Bxe5 Bf5 26. Rf6+ 1-0


[Site "https://www.chess.com"]

[Event "Titled Tuesday Blitz January 03 Late 2023"]
[White "Graham, Nathaniel"]
[Black "Tatarinov, Dmitry"]
[WhiteFideId "2007983"]
[BlackFideId "24160067"]
[WhiteElo "2262"]
[BlackElo "2310"]
[Result "1-0"]
[Round "02"]
[TimeControl "180+2"]
[Date "2023.01.03"]
[WhiteClock "0:01:44"]
[BlackClock "0:01:35"]

1. e4 c6 2. d4 d5 3. Nd2 dxe4 4. Nxe4 Nf6 5. Nxf6+ exf6 6. c3 Bd6 7. Bd3 Na6 8. Qh5 Nc7 9. Ne2 f5 10. O-O g6 11. Qh6 Ne6 12. Re1 Bf8 13. Qe3 h5 14. Nf4 Bh6 15. Nxe6 Bxe6 16. Qe5 Ke7 17. Bxh6 Rxh6 18. Bc4 Qd6 19. Qg7 Rah8 20. Rxe6+ Qxe6 21. Bxe6 R8h7 1-0


[Site "https://www.chess.com"]

[Event "Titled Tuesday Blitz January 03 Late 2023"]
[White "Goltsev, Dmitry"]
[Black "Tamarozi, Isabelle"]
[WhiteFideId "24176710"]
[BlackFideId "2132400"]
[WhiteElo "2269"]
[BlackElo "1982"]
[Result "1-0"]
[Round "02"]
[TimeControl "180+2"]
[Date "2023.01.03"]
[WhiteClock "0:02:39"]
[BlackClock "0:01:01"]

1. e4 c5 2. Nf3 Nc6 3. d4 cxd4 4. Nxd4 g6 5. Nxc6 bxc6 6. Qd4 Nf6 7. e5 Nd5 8. c4 Nc7 9. e6 f6 10. exd7+ Qxd7 11. Qxd7+ Bxd7 12. Nc3 e5 13. b3 a5 14. Ne4 Kf7 15. Bb2 Ne6 16. O-O-O Bh6+ 17. Kc2 Nd4+ 18. Bxd4 exd4 19. Rxd4 Bf5 20. Bd3 Bxe4 21. Bxe4 Rad8 22. Rhd1 Rxd4 23. Rxd4 Re8 24. Kd3 a4 25. Bxc6 axb3 26. Bxe8+ Kxe8 27. axb3 1-0


[Site "https://www.chess.com"]

[Event "Titled Tuesday Blitz January 03 Late 2023"]
[White "Senthil, Maran K"]
[Black "Pichot, Alan"]
[WhiteFideId "25035681"]
[BlackFideId "110973"]
[WhiteElo "2209"]
[BlackElo "2638"]
[Result "0-1"]
[Round "02"]
[TimeControl "180+2"]
[Date "2023.01.03"]
[WhiteClock "0:00:29"]
[BlackClock "0:00:24"]

1. d4 g6 2. Nf3 Bg7 3. g3 Nf6 4. Bg2 O-O 5. O-O d6 6. c4 Nc6 7. Nc3 a6 8. b3 Rb8 9. Nd5 b5 10. Nxf6+ Bxf6 11. cxb5 axb5 12. Be3 Bf5 13. Rc1 Be4 14. d5 Nb4 15. Qd2 Nxd5 16. Bh6 Re8 17. Nd4 Bxg2 18. Kxg2 Bxd4 19. Qxd4 Nf6 20. Rc6 Ra8 21. a4 bxa4 22. bxa4 Ra5 23. Rfc1 Qa8 24. f3 Rxa4 25. Qd3 Ra3 26. Qd2 Ra2 27. Qd3 Nd7 28. Rxc7 Ne5 29. Qe3 Ng4 30. Qf4 Rxe2+ 31. Kh3 Rxh2+ 32. Kxg4 f5+ 33. Kg5 Rh5# 0-1


[Site "https://www.chess.com"]

[Event "Titled Tuesday Blitz January 03 Late 2023"]
[White "Indjic, Aleksandar"]
[Black "Karas, Marek"]
[WhiteFideId "911925"]
[BlackFideId "14928558"]
[WhiteElo "2618"]
[BlackElo "2227"]
[Result "1-0"]
[Round "02"]
[TimeControl "180+2"]
[Date "2023.01.03"]
[WhiteClock "0:00:34"]
[BlackClock "0:00:02"]

1. b3 d5 2. Bb2 Bg4 3. f3 Bf5 4. e4 Bg6 5. exd5 Qxd5 6. Nc3 Qd6 7. Qe2 Nc6 8. Qc4 Nf6 9. O-O-O O-O-O 10. Ne4 Qb4 11. Qxb4 Nxb4 12. a3 Nc6 13. Re1 Nxe4 14. fxe4 e5 15. h4 f6 16. h5 Bf7 17. Nf3 Bc5 18. g4 h6 19. Nh4 Ne7 20. Nf5 Nxf5 21. gxf5 Bd4 22. c3 Bc5 23. Kc2 Bb6 24. a4 a5 25. Ba3 Rd7 26. Bc4 Bxc4 27. bxc4 c6 28. Re2 Bd8 29. Rg1 Be7 30. c5 Bf8 31. Kb3 Rd3 32. Kc4 Rh3 33. Bc1 Rxh5 34. d4 Rh3 35. dxe5 fxe5 36. Be3 h5 37. Rg6 h4 38. Re6 Rg3 39. Rxe5 h3 40. Bf4 Rg2 41. Re1 h2 42. Rd1 Bxc5 43. Bxh2 Rgxh2 44. Kxc5 Rd8 45. Rxd8+ Kxd8 46. Re6 Ra2 47. c4 Rxa4 48. Rg6 b6+ 49. Kd6 Rxc4 50. e5 Rf4 51. Ke6 a4 52. Rxg7 a3 53. Ra7 Rf3 54. f6 b5 55. Kd6 Rd3+ 56. Kxc6 Rc3+ 57. Kxb5 Ke8 58. e6 Rc8 59. Rh7 Rb8+ 60. Ka4 Ra8+ 61. Kb3 Rb8+ 62. Ka2 Rb2+ 63. Kxa3 Kd8 64. Kxb2 1-0


[Site "https://www.chess.com"]

[Event "Titled Tuesday Blitz January 03 Late 2023"]
[White "Dzierzak, Radoslaw"]
[Black "Girel, Joseph"]
[WhiteFideId "1161407"]
[BlackFideId "36033561"]
[WhiteElo "2220"]
[BlackElo "2395"]
[Result "0-1"]
[Round "02"]
[TimeControl "180+2"]
[Date "2023.01.03"]
[WhiteClock "0:00:27"]
[BlackClock "0:01:53"]

1. e4 c5 2. Nf3 e6 3. d4 cxd4 4. Nxd4 Nf6 5. Nc3 Nc6 6. g3 d5 7. exd5 exd5 8. Bg2 Bg4 9. Qd3 Bc5 10. Nb3 Bb6 11. O-O O-O 12. Bg5 Ne5 13. Qd2 Nf3+ 14. Bxf3 Bxf3 15. Nd4 Bxd4 16. Qxd4 Qd7 17. Qf4 Qg4 18. Bxf6 Qxf4 19. gxf4 gxf6 20. Rfe1 d4 21. Ne4 Kh8 22. Nxf6 Rac8 23. Rac1 Rc6 24. Re8 Rxe8 25. Nxe8 d3 0-1


[Site "https://www.chess.com"]

[Event "Titled Tuesday Blitz January 03 Late 2023"]
[White "Pakleza, Zbigniew"]
[Black "Adewumi, Tanitoluwa"]
[WhiteFideId "1119290"]
[BlackFideId "30966396"]
[WhiteElo "2494"]
[BlackElo "2283"]
[Result "1-0"]
[Round "02"]
[TimeControl "180+2"]
[Date "2023.01.03"]
[WhiteClock "0:00:42"]
[BlackClock "0:00:01"]

1. d4 Nf6 2. Nf3 e6 3. Bf4 c5 4. c3 Nc6 5. e3 d5 6. Nbd2 Bd6 7. Bg3 O-O 8. Bd3 Re8 9. Ne5 Ne7 10. f4 Nf5 11. Bf2 h5 12. h3 g6 13. g4 Ng7 14. Qf3 b6 15. Bh4 Bb7 16. gxh5 Ngxh5 17. Nxg6 fxg6 18. Bxg6 Ng7 19. Rg1 Rf8 20. O-O-O cxd4 21. cxd4 Qc7+ 22. Kb1 Rac8 23. Bg5 Ne4 24. Nxe4 Qc2+ 25. Ka1 dxe4 26. Qg4 Ba3 27. Rb1 Qd2 28. Qg2 Qd3 29. Bh6 Rc7 30. Bh5 Bd5 31. Bxg7 Bxb2+ 32. Rxb2 Rfc8 33. Be5+ Kf8 34. Bd6+ Re7 35. Qg8# 1-0


[Site "https://www.chess.com"]

[Event "Titled Tuesday Blitz January 03 Late 2023"]
[White "Vega Gutierrez, Sabrina"]
[Black "Kosteniuk, Alexandra"]
[WhiteFideId "2219026"]
[BlackFideId "4128125"]
[WhiteElo "2377"]
[BlackElo "2535"]
[Result "1-0"]
[Round "02"]
[TimeControl "180+2"]
[Date "2023.01.03"]
[WhiteClock "0:00:09"]
[BlackClock "0:00:11"]

1. e4 c6 2. d4 d5 3. exd5 cxd5 4. Bd3 Nc6 5. c3 Nf6 6. h3 g6 7. Nf3 Bf5 8. Bxf5 gxf5 9. Bf4 Rg8 10. O-O e6 11. Re1 Bd6 12. Bxd6 Qxd6 13. Ne5 Nd7 14. Qe2 Ncxe5 15. dxe5 Qb6 16. Na3 a6 17. c4 d4 18. Rad1 O-O-O 19. c5 Nxc5 20. Nc4 Qb4 21. a3 Qb3 22. Nd6+ Rxd6 23. exd6 Qd5 24. f3 Nd7 25. Qc2+ Qc5 26. Qxc5+ Nxc5 27. Rxd4 Kd7 28. Rc1 e5 29. Rd5 Ne6 30. Rxe5 Kxd6 31. Rxf5 Rg7 32. Rd1+ Kc6 33. Kf2 h6 34. h4 b6 35. g3 Rh7 36. Rfd5 a5 37. Rd6+ Kb5 38. R1d5+ Kc4 39. Rf5 b5 40. b3+ Kxb3 41. Rxb5+ Ka4 42. Rf5 Rg7 43. Ra6 Kxa3 44. Raxa5+ Kb4 45. Ra7 Nd8 46. Rd7 Nc6 47. Rdxf7 Rg8 48. R7f6 Nd4 49. Rf4 Kc5 50. Rxh6 Ra8 51. Rxd4 Kxd4 52. Re6 Ra2+ 53. Re2 Ra1 54. g4 Rh1 55. Kg3 Kd3 56. Re8 1-0


[Site "https://www.chess.com"]

[Event "Titled Tuesday Blitz January 03 Late 2023"]
[White "Erdogdu, Mert"]
[Black "Moreno Perez, Tobias Sebastian"]
[WhiteFideId "6301495"]
[BlackFideId "186716"]
[WhiteElo "2413"]
[BlackElo "2256"]
[Result "1/2-1/2"]
[Round "02"]
[TimeControl "180+2"]
[Date "2023.01.03"]
[WhiteClock "0:00:11"]
[BlackClock "0:00:03"]

1. e4 c6 2. d4 d5 3. exd5 cxd5 4. c4 Nf6 5. Nc3 e6 6. Nf3 Be7 7. Bg5 O-O 8. Bd3 dxc4 9. Bxc4 Nc6 10. O-O Nd5 11. Bxe7 Ncxe7 12. Rc1 b6 13. Ne5 Bb7 14. Bb3 Rc8 15. Qg4 Nf6 16. Qf4 Ned5 17. Qg3 Nxc3 18. bxc3 Ne4 19. Qe3 Nd6 20. Rfd1 Rc7 21. c4 Qf6 22. c5 Nf5 23. Qf4 Ne7 24. Qg3 Rfc8 25. Ng4 Qg5 26. h4 Qg6 27. h5 Qg5 28. h6 Nf5 29. Qh3 Nxh6 30. Nxh6+ Qxh6 31. Qxh6 gxh6 32. Rc3 bxc5 33. Rdc1 c4 34. Rxc4 Rxc4 35. Rxc4 Rxc4 36. Bxc4 Kg7 37. g3 Kf6 38. Kf1 Be4 39. Ke2 Ke7 40. Ke3 Bg6 41. a3 Kd6 42. f4 h5 43. Kd2 h6 44. Kc3 f6 45. Bb3 Bf5 46. Bd1 Bg6 47. Bf3 Bf7 48. Kd3 Bg6+ 49. Ke3 Bf7 50. Bb7 Bg6 51. Bf3 Bf7 52. Be4 Be8 53. Bd3 Bf7 54. Be2 Bg6 55. Bd1 Bf7 56. Bb3 Be8 57. Ba2 Bg6 58. f5 Bxf5 59. Bc4 Bg4 60. Kf4 e5+ 61. dxe5+ fxe5+ 62. Ke3 Kc5 63. Bf7 Kb5 64. Be8+ Kc5 65. Ke4 Kd6 66. Bb5 Be6 67. Ba6 Bd5+ 68. Ke3 e4 69. Be2 Ke5 70. Bxh5 Be6 71. Bg6 Bd5 72. Bh7 Bc6 73. Bg6 Bb7 74. Bh7 a5 75. Bg6 Bc6 76. Bh7 Bd5 77. Bg6 Bc6 78. Bf7 Bd5 79. Be8 Be6 80. Bc6 Bf5 81. Bb7 Bg6 82. Bc6 Bf5 83. Bb7 Bg6 84. Bc6 Bf5 1/2-1/2


[Site "https://www.chess.com"]

[Event "Titled Tuesday Blitz January 03 Late 2023"]
[White "Goryachkina, Aleksandra"]
[Black "Sreyas Payyappat"]
[WhiteFideId "4147103"]
[BlackFideId "46674969"]
[WhiteElo "2571"]
[BlackElo "2076"]
[Result "1-0"]
[Round "02"]
[TimeControl "180+2"]
[Date "2023.01.03"]
[WhiteClock "0:00:09"]
[BlackClock "0:00:18"]

1. e4 c6 2. d4 d5 3. e5 Bf5 4. Nd2 e6 5. Nb3 c5 6. dxc5 Bxc5 7. Nxc5 Qa5+ 8. c3 Qxc5 9. Be3 Qc8 10. f4 Nc6 11. Nf3 Qc7 12. Be2 f6 13. O-O fxe5 14. Nxe5 Nxe5 15. fxe5 Ne7 16. Bb5+ Nc6 17. Bc5 O-O-O 18. Bxc6 Qxc6 19. b4 b6 20. Bd6 g5 21. a4 Qc4 22. b5 h5 23. a5 Qxb5 24. axb6 Qxb6+ 25. Kh1 g4 26. Rxf5 exf5 27. Qxd5 a6 28. c4 Qb7 29. Qe6+ Rd7 30. c5 Qb2 31. Rd1 Qc2 32. Qd5 Rhd8 33. Qc6+ Rc7 34. Qxc7# 1-0


[Site "https://www.chess.com"]

[Event "Titled Tuesday Blitz January 03 Late 2023"]
[White "Chen, Justin"]
[Black "Zakarian, David"]
[WhiteFideId "2098199"]
[BlackFideId "13301276"]
[WhiteElo "2333"]
[BlackElo "2306"]
[Result "1-0"]
[Round "02"]
[TimeControl "180+2"]
[Date "2023.01.03"]
[WhiteClock "0:02:18"]
[BlackClock "0:01:04"]

1. Nf3 Nf6 2. b3 d5 3. Bb2 c5 4. e3 Nc6 5. Bb5 Bg4 6. h3 Bxf3 7. Qxf3 e6 8. O-O Be7 9. c4 O-O 10. cxd5 exd5 11. Bxc6 bxc6 12. d3 Qc7 13. Nc3 h6 14. e4 d4 15. Na4 Nd7 16. Rac1 Bg5 17. Rc2 Qd6 18. Ba3 Rfc8 19. Bxc5 Nxc5 20. Rxc5 Rab8 21. g3 Rb4 22. h4 Rxa4 23. Qf5 Rxa2 24. Qxc8+ Kh7 25. Qf5+ 1-0


[Site "https://www.chess.com"]

[Event "Titled Tuesday Blitz January 03 Late 2023"]
[White "Nazari, Arad"]
[Black "Liu, Casper"]
[WhiteFideId "12577324"]
[BlackFideId "1454153"]
[WhiteElo "2367"]
[BlackElo "2278"]
[Result "1-0"]
[Round "02"]
[TimeControl "180+2"]
[Date "2023.01.03"]
[WhiteClock "0:00:05"]
[BlackClock "0:00:20"]

1. e4 d5 2. exd5 Nf6 3. d4 Nxd5 4. c4 Nf6 5. Nc3 Bg4 6. Be2 Bxe2 7. Ngxe2 e6 8. O-O Bd6 9. Qb3 b6 10. c5 bxc5 11. dxc5 Bxc5 12. Rd1 Nbd7 13. Bg5 Bxf2+ 14. Kh1 Bb6 15. Qa4 Qe7 16. Bxf6 gxf6 17. Ne4 O-O-O 18. Rac1 f5 19. Nd6+ Kb8 20. Nc4 Nc5 21. Qc6 Ne4 22. Nxb6 axb6 23. Rf1 Rd5 24. b4 Rhd8 25. Nf4 Rd1 26. h3 Ng3+ 27. Kg1 Nxf1 28. Rc3 Ng3+ 29. Kh2 Ne4 30. Ra3 Rh1+ 31. Kxh1 Rd1+ 32. Kh2 Rh1+ 33. Kxh1 Kc8 34. Ra8# 1-0


[Site "https://www.chess.com"]

[Event "Titled Tuesday Blitz January 03 Late 2023"]
[White "Zilleruelo Irizarry, Diego"]
[Black "Jaferian, Koosha"]
[WhiteFideId "3101460"]
[BlackFideId "12507440"]
[WhiteElo "2135"]
[BlackElo "2233"]
[Result "0-1"]
[Round "02"]
[TimeControl "180+2"]
[Date "2023.01.03"]
[WhiteClock "0:01:38"]
[BlackClock "0:01:40"]

1. e4 e6 2. d4 d5 3. Nd2 c5 4. Ngf3 Nf6 5. Bb5+ Nc6 6. O-O dxe4 7. Ne5 Qc7 8. dxc5 Qxe5 9. Nc4 Qxc5 10. a4 Be7 11. Be3 Qd5 12. Qxd5 exd5 13. Ne5 Bd7 14. Nxd7 Nxd7 15. Rad1 Nf6 16. Bd4 O-O 17. Bxf6 Bxf6 18. Rxd5 Bxb2 19. Rd7 a6 20. Bxc6 bxc6 21. Rb1 Rab8 22. Kf1 Bc3 23. Rb3 Rxb3 24. cxb3 Rb8 25. Rc7 h5 26. Rxc6 Rxb3 27. g3 a5 28. Ke2 Ra3 29. Rc4 Bb4 30. Rxe4 Rxa4 31. f4 Ra2+ 32. Kf3 Rxh2 33. Re8+ Kh7 34. Ra8 Ra2 35. g4 Ra3+ 36. Ke4 hxg4 37. Kf5 g3 0-1


[Site "https://www.chess.com"]

[Event "Titled Tuesday Blitz January 03 Late 2023"]
[White "Saya, Ethan"]
[Black "Kanakaris, Georgios"]
[WhiteFideId "26095181"]
[BlackFideId "4209460"]
[WhiteElo "2181"]
[BlackElo "2391"]
[Result "0-1"]
[Round "02"]
[TimeControl "180+2"]
[Date "2023.01.03"]
[WhiteClock "0:01:41"]
[BlackClock "0:01:28"]

1. d4 Nf6 2. c4 g6 3. Nc3 Bg7 4. e4 d6 5. Be2 O-O 6. Be3 Nc6 7. g4 e5 8. d5 Nd4 9. g5 Nxe2 10. gxf6 Nxc3 11. fxg7 Nxd1 12. gxf8=Q+ Qxf8 13. Rxd1 f5 14. f3 Qe7 15. Bf2 Qg5 16. Ne2 Qg2 17. Rg1 Qxf3 18. exf5 Bxf5 19. Ng3 Bg4 20. Rd2 Rf8 21. Nf1 Qe4+ 22. Ne3 Rxf2 23. Kxf2 Qf3+ 24. Ke1 Qxe3+ 25. Kf1 Qxd2 26. Rxg4 Qd1+ 0-1


[Site "https://www.chess.com"]

[Event "Titled Tuesday Blitz January 03 Late 2023"]
[White "Gatterer, Florian"]
[Black "Zhao, Erick"]
[WhiteFideId "811688"]
[BlackFideId "30946930"]
[WhiteElo "2170"]
[BlackElo "2275"]
[Result "0-1"]
[Round "02"]
[TimeControl "180+2"]
[Date "2023.01.03"]
[WhiteClock "0:00:04"]
[BlackClock "0:01:23"]

1. Nf3 b6 2. e4 Bb7 3. Nc3 c5 4. d4 cxd4 5. Nxd4 g6 6. Be3 Bg7 7. Qd2 Nc6 8. O-O-O Nf6 9. f3 O-O 10. h4 d5 11. Nxc6 Bxc6 12. Nxd5 Nxd5 13. exd5 Bb7 14. h5 Rc8 15. Bh6 Qxd5 16. Bxg7 Qxd2+ 17. Rxd2 Kxg7 18. Rd7 Bc6 19. Rxe7 Kf6 20. Rxa7 Rfe8 21. Bd3 Red8 22. Ra3 b5 23. Kb1 b4 24. Ra6 Kg5 25. hxg6 hxg6 26. b3 Kf4 27. Rb6 Kg3 28. Rxb4 Kxg2 29. Re1 Bxf3 30. Rf4 Bd5 31. Be4+ Bxe4 32. Rfxe4 Rd2 33. R4e2+ Rxe2 34. Rxe2+ Kf3 35. Re7 f5 36. a4 g5 37. a5 g4 38. a6 g3 39. Rg7 g2 40. b4 Rc4 41. c3 Rxc3 42. Kb2 Rc6 43. a7 Ra6 44. Kc3 Rxa7 45. Rg6 f4 46. b5 Ra8 47. b6 Rb8 48. Kd4 Rxb6 49. Rxg2 Kxg2 0-1


[Site "https://www.chess.com"]

[Event "Titled Tuesday Blitz January 03 Late 2023"]
[White "Leiva, Gianmarco"]
[Black "Gonzalez, Francisco Silva"]
[WhiteFideId "3804399"]
[BlackFideId "1512285"]
[WhiteElo "2392"]
[BlackElo "2021"]
[Result "1-0"]
[Round "02"]
[TimeControl "180+2"]
[Date "2023.01.03"]
[WhiteClock "0:02:05"]
[BlackClock "0:01:46"]

1. e4 e5 2. Nf3 Nc6 3. Bc4 Bc5 4. O-O Nf6 5. d3 d6 6. c3 a6 7. Re1 Ba7 8. Bb3 Bg4 9. Nbd2 Ne7 10. h3 Bd7 11. d4 Ng6 12. Nf1 h6 13. Ng3 O-O 14. Be3 Kh7 15. Qd2 c5 16. dxe5 dxe5 17. Rad1 Bc6 18. Qxd8 Raxd8 19. Rxd8 Rxd8 20. Bxf7 Nxe4 21. Bxg6+ Kxg6 22. Nxe5+ Kh7 23. Nxc6 Nxc3 24. Nxd8 Nxa2 25. Ne6 b6 26. Bd2 Kg6 27. Nd8 b5 28. Re6+ Kh7 29. Rxa6 Bb6 30. Rxb6 b4 31. h4 g6 32. Rb7+ Kg8 33. Ne6 c4 34. Ne4 Kh8 35. Nf6 1-0


[Site "https://www.chess.com"]

[Event "Titled Tuesday Blitz January 03 Late 2023"]
[White "Horcajuelo Rocamora, Martin"]
[Black "Rostomyan, Mikayel"]
[WhiteFideId "24573027"]
[BlackFideId "13313754"]
[WhiteElo "2107"]
[BlackElo "2222"]
[Result "1-0"]
[Round "02"]
[TimeControl "180+2"]
[Date "2023.01.03"]
[WhiteClock "0:00:08"]
[BlackClock "0:00:04"]

1. e4 c5 2. Nf3 Nc6 3. d4 cxd4 4. Nxd4 g6 5. c3 Bg7 6. Be3 Nf6 7. Nd2 O-O 8. Bc4 Na5 9. Bd3 d5 10. e5 Nd7 11. f4 Nc5 12. Bc2 Nc4 13. Nxc4 dxc4 14. O-O a6 15. Qe2 b5 16. Nc6 Qc7 17. Bxc5 Qxc6 18. Bxe7 Re8 19. Be4 Qb6+ 20. Kh1 Ra7 21. Bd6 Bb7 22. Bxb7 Rxb7 23. Rad1 Rd7 24. Qf3 a5 25. Qd5 Red8 26. Rd4 Rxd6 27. exd6 Bxd4 28. cxd4 Rxd6 29. Qe5 Qxd4 30. Qxb5 Qxf4 31. Re1 Qe4 32. Rg1 Rd2 33. Qb8+ Kg7 34. Qb5 Qd4 35. h3 Rxb2 36. Qxa5 c3 37. Rf1 c2 38. Qc7 Qd5 39. Qc3+ Kh6 40. Qxb2 Qd3 41. Qc1+ Kg7 42. Re1 h5 43. Kh2 Kh7 44. Re3 Qd6+ 45. g3 Qc5 46. Re2 h4 47. Qxc2 hxg3+ 48. Kxg3 Qd6+ 49. Kg2 Qd5+ 50. Kh2 Qg5 51. Rg2 Qf4+ 52. Rg3 Qe5 53. Qf2 f5 54. Kg2 Qd5+ 55. Rf3 g5 56. Kh2 Qe5+ 57. Kh1 Qd5 58. Kg1 Qd1+ 59. Qf1 Qd4+ 60. Kh2 Qe5+ 61. Kg2 Qd5 62. Qf2 Kg6 63. Qg3 Qxa2+ 64. Rf2 Qd5+ 65. Qf3 Qd6 66. Re2 Kh6 67. Qe3 Qd5+ 68. Kh2 Qd6+ 69. Kg1 Qd1+ 70. Re1 Qd7 71. Qe6+ Qxe6 72. Rxe6+ Kh5 73. Kg2 Kh4 74. Rh6# 1-0


[Site "https://www.chess.com"]

[Event "Titled Tuesday Blitz January 03 Late 2023"]
[White "Tregubov, Pavel V."]
[Black "Jarocka, Liwia"]
[WhiteFideId "4115341"]
[BlackFideId "21807558"]
[WhiteElo "2553"]
[BlackElo "2225"]
[Result "1-0"]
[Round "02"]
[TimeControl "180+2"]
[Date "2023.01.03"]
[WhiteClock "0:00:12"]
[BlackClock "0:00:01"]

1. e4 e6 2. d4 d5 3. e5 c5 4. c3 Nc6 5. Nf3 Nh6 6. Bxh6 gxh6 7. Bd3 cxd4 8. cxd4 Bd7 9. O-O Qb6 10. Qe2 Nxd4 11. Nxd4 Qxd4 12. Nc3 Rg8 13. Nb5 Bxb5 14. Bxb5+ Kd8 15. h3 a6 16. Bd3 Bg7 17. Rfe1 Rc8 18. Rad1 Qf4 19. Bxh7 Rh8 20. Bd3 Bf8 21. g3 Qg5 22. h4 Qg7 23. Rc1 Bc5 24. Kg2 Ke7 25. a3 Bd4 26. Rcd1 Ba7 27. Qf3 h5 28. Qf4 Bc5 29. Rc1 Rhd8 30. Rc2 Rc7 31. Rec1 Rdc8 32. Be2 Qg6 33. Rc3 a5 34. R1c2 Bb6 35. Bf3 Rxc3 36. Rxc3 Rxc3 37. bxc3 Qc2 38. Bxh5 Qh7 39. Qg5+ Kd7 40. Bf3 Bd8 41. Qg4 Bc7 42. h5 Bxe5 43. Qa4+ Ke7 44. Qxa5 Bd6 45. Qb6 1-0


[Site "https://www.chess.com"]

[Event "Titled Tuesday Blitz January 03 Late 2023"]
[White "Khripachenko, Alexander"]
[Black "Balint, Vilmos"]
[WhiteFideId "54184975"]
[BlackFideId "718050"]
[WhiteElo "2110"]
[BlackElo "2169"]
[Result "1-0"]
[Round "02"]
[TimeControl "180+2"]
[Date "2023.01.03"]
[WhiteClock "0:02:15"]
[BlackClock "0:02:10"]

1. e4 e6 2. d4 d5 3. Nd2 c5 4. Ngf3 Nc6 5. exd5 exd5 6. Bb5 a6 7. Bxc6+ bxc6 8. O-O c4 9. Re1+ Be7 10. b3 cxb3 11. axb3 Nf6 12. Ba3 Be6 13. Ng5 Bxa3 14. Nxe6 fxe6 15. Rxa3 O-O 16. Rxe6 Qb6 17. Nf3 Ne4 18. Qd3 Qb4 19. Rxa6 Rxa6 20. Qxa6 Rxf3 21. gxf3 Ng5 22. Qc8+ Kf7 23. Qd7+ 1-0


[Site "https://www.chess.com"]